Map: Traitor's Exile

Players

OpuS

  • Race: Protoss Protoss
  • Spawn Location: 5:00

Sketchaphone

  • Race: Zerg Zerg
  • Spawn Location: 6:00

shady - Winner!

  • Race: Protoss Protoss
  • Spawn Location: 9:00

INnoVation - Winner!

  • Race: Terran Terran
  • League: Diamond
  • Spawn Location: 12:00

VOD

Have the link to the VOD?

Description

Time

  • Played on: Jan. 22, 2019, 3:53 p.m.
  • Length: 8:42
Show
View Real Time Build Order
Export as new Build Order

OpuS Protoss 

Build Orders:  

Get SALT Encoding   

  12  0:01  Probe  
  13  0:13  Probe  
  14  0:21  Pylon  
  14  0:25  Probe  
  15  0:39  Probe  
  15  0:42  Gateway  
  16  0:48  Probe  
  16  0:55  Assimilator  
  16  0:56  Probe  
  18  1:07  Gateway  
  18  1:18  Pylon  
  18  1:29  Zealot  
  20  1:32  Probe  
  20  1:33  Cybernetics Core  
  21  1:41  Probe  
  21  1:46  Assimilator  
  22  2:02  Zealot x2  
  26  2:08  Probe  
  26  2:09  Warp Gate  
  27  2:17  Probe  
  27  2:21  Pylon  
  27  2:30  Stalker  
  29  2:40  Adept  
  29  2:43  Probe  
  32  3:09  Stalker  
  32  3:11  Stalker  
  36  3:32  Nexus  
  36  3:39  Pylon  
  36  3:41  Probe  
  37  3:53  Probe  
  38  4:09  Stalker x2  
  38  4:12  Gateway  
  32  4:30  Probe  
  33  4:41  Stalker x2, Twilight Council  
  37  5:00  Probe x2  
  37  5:05  Gateway  
  39  5:09  Stalker x2  
  43  5:17  Blink  
  43  5:18  Stalker  
  45  5:21  Probe  
  45  5:23  Probe  
  47  5:35  Pylon  
  47  5:41  Forge  
  47  5:45  Probe x2  
  49  6:01  Probe x2  
  49  6:03  Stalker x2  
  55  6:24  Stalker x2  
  59  6:26  Stalker  
  59  6:27  Stalker  
  59  6:31  Photon Cannon  
  57  6:50  Stalker  
  57  6:51  Stalker x3  
  41  7:11  Probe x2  
  41  7:14  Stalker x4  
  43  7:23  Probe  
  34  7:37  Stalker x2  
  34  7:38  Stalker x2  
  34  7:43  Probe  
  39  7:51  Probe  
  38  7:55  Probe  
  39  8:03  Probe  
  39  8:05  Stalker x2  
  44  8:07  Probe  
  45  8:16  Stalker  
Show
View Real Time Build Order
Export as new Build Order

Sketchaphone Zerg 

Build Orders: Pool First 

Get SALT Encoding   

  12  0:01  Drone  
  13  0:15  Drone  
  14  0:28  Spawning Pool  
  13  0:34  Drone  
  14  0:36  Extractor  
  14  0:42  Overlord  
  13  0:50  Drone  
  14  1:01  Drone x2  
  16  1:10  Drone  
  17  1:18  Queen  
  19  1:26  Drone  
  20  1:34  Drone  
  20  1:39  Zergling x2  
  22  1:40  Metabolic Boost  
  22  2:10  Overlord  
  21  2:21  Zergling x2  
  22  2:26  Hatchery  
  22  2:27  Baneling Nest, Zergling x2  
  22  2:28  Zergling x2  
  22  2:32  Drone  
  22  2:53  Drone  
  22  2:54  Zergling x2  
  22  2:55  Drone  
  25  3:08  Zergling x2  
  26  3:18  Zergling x2  
  27  3:20  Zergling x2  
  28  3:27  Baneling x2  
  28  3:28  Baneling x4  
  28  3:30  Zergling x4  
  28  3:32  Overlord  
  30  3:37  Zergling x2  
  30  3:38  Zergling x2  
  24  4:03  Spore Crawler  
  24  4:05  Drone x7  
  24  4:22  Drone x2  
  26  4:24  Drone  
  26  4:27  Drone  
  28  4:38  Spore Crawler  
  24  4:43  Spore Crawler  
  24  4:45  Drone x3  
  27  4:50  Drone  
  27  4:51  Drone x2  
  30  4:54  Drone  
  31  5:02  Drone  
  31  5:04  Drone  
  33  5:14  Queen  
  35  5:24  Hatchery  
  34  5:32  Overlord, Drone  
  34  5:33  Drone  
  36  5:48  Lair, Extractor  
  35  5:57  Zergling x8  
  35  5:59  Overlord, Drone  
  40  6:10  Overlord  
  37  6:27  Drone  
  37  6:28  Drone x3  
  37  6:30  Roach Warren  
  39  6:41  Zergling x14  
  42  6:51  Hydralisk Den  
  42  6:52  Spore Crawler  
  41  6:55  Spine Crawler  
  29  7:06  Spine Crawler  
  29  7:08  Spine Crawler  
  19  7:12  Spine Crawler  
  2  8:00  Drone x6  
  8  8:19  Drone  
  9  8:29  Drone  
Show
View Real Time Build Order
Export as new Build Order

shady Protoss - Winner!

Build Orders: Oracle Opening 

Get SALT Encoding   

  12  0:01  Probe  
  13  0:13  Probe  
  14  0:18  Pylon  
  14  0:25  Probe  
  15  0:37  Probe  
  15  0:39  Gateway  
  17  0:50  Probe  
  17  0:53  Assimilator  
  17  1:02  Probe  
  18  1:10  Gateway  
  18  1:14  Probe  
  19  1:19  Assimilator  
  19  1:26  Probe  
  19  1:28  Cybernetics Core  
  20  1:38  Probe  
  21  1:41  Pylon  
  21  1:50  Probe  
  22  1:57  Adept x2  
  22  2:02  Probe  
  27  2:16  Pylon  
  27  2:19  Stargate  
  26  2:29  Adept  
  28  2:38  Adept  
  30  2:56  Oracle  
  30  3:12  Nexus  
  33  3:16  Pylon  
  33  3:24  Warp Gate  
  33  3:38  Oracle  
  33  3:45  Probe  
  37  3:57  Probe  
  38  4:09  Probe  
  39  4:17  Twilight Council  
  39  4:20  Probe  
  39  4:23  Probe  
  40  4:28  Probe  
  41  4:31  Probe, Phoenix  
  41  4:36  Probe  
  45  4:42  Probe  
  45  4:43  Resonating Glaives  
  47  4:48  Probe  
  48  4:54  Probe  
  48  4:58  Gateway x2  
  51  5:00  Assimilator  
  51  5:07  Probe x2  
  53  5:17  Pylon  
  53  5:19  Probe  
  53  5:20  Probe  
  53  5:21  Pylon  
  53  5:27  Adept x2  
  57  5:31  Probe  
  57  5:33  Probe  
  59  5:37  Pylon  
  59  5:38  Pylon  
  59  5:43  Probe  
  59  5:45  Probe  
  61  5:53  Adept x4  
  69  6:01  Nexus  
  67  6:23  Adept  
  67  6:24  Adept x3  
  64  6:50  Probe x2  
  64  7:01  Robotics Facility x2  
  64  7:02  Probe x2  
  64  7:04  Robotics Facility  
  64  7:08  Assimilator  
  66  7:17  Probe  
  66  7:18  Probe x2  
  69  7:29  Probe  
  70  7:30  Probe x2  
  72  7:38  Probe  
  72  7:39  Probe  
  72  7:41  Probe  
  75  7:45  Immortal x3  
  75  7:46  Probe  
  75  7:47  Probe  
  77  7:54  Probe  
  77  7:56  Probe x2  
  90  8:00  Pylon  
  90  8:01  Pylon  
  90  8:05  Pylon, Adept x3  
  96  8:06  Adept, Probe  
  96  8:08  Probe x2  
  103  8:16  Assimilator  
  103  8:20  Probe x2, Assimilator  
  103  8:23  Pylon, Forge  
  103  8:24  Pylon  
  103  8:26  Pylon  
Show
View Real Time Build Order
Export as new Build Order

INnoVation Terran - Winner!

Build Orders: Reaper Expand 

Get SALT Encoding   

  12  0:02  SCV  
  13  0:14  SCV  
  14  0:22  Supply Depot  
  14  0:26  SCV  
  15  0:43  SCV  
  15  0:45  Barracks  
  16  0:50  Refinery  
  16  0:55  SCV  
  17  1:07  SCV  
  18  1:20  SCV  
  19  1:32  Orbital Command  
  19  1:35  Reaper  
  20  1:45  Command Center  
  20  1:59  Refinery  
  20  2:07  Barracks Reactor  
  20  2:18  SCV  
  21  2:30  Factory, SCV  
  22  2:49  Marine  
  23  2:54  Supply Depot  
  23  2:55  Supply Depot  
  23  2:56  Marine, SCV  
  25  3:03  Orbital Command  
  25  3:10  Marine  
  26  3:16  Starport, Factory Tech Lab  
  26  3:21  Marine  
  27  3:28  Marine  
  28  3:35  Barracks, SCV x2  
  28  3:36  Siege Tank  
  33  3:42  Marine  
  33  3:47  SCV x2  
  36  3:51  Supply Depot  
  36  3:59  SCV x2  
  29  4:20  Barracks Reactor  
  28  4:24  Barracks Tech Lab  
  28  4:31  SCV  
  28  4:32  SCV  
  28  4:34  Supply Depot  
  30  4:44  Stimpack  
  30  4:50  Orbital Command  
  30  4:53  Marine, Siege Tank  
  34  5:09  Starport Reactor, SCV  
  35  5:16  SCV  
  35  5:20  Marine x2  
  39  5:21  SCV  
  39  5:28  SCV  
  39  5:29  Supply Depot  
  39  5:31  Supply Depot  
  39  5:32  Marine  
  39  5:33  SCV  
  42  5:41  Siege Tank, SCV  
  42  5:42  Marine x2  
  47  5:45  SCV  
  47  5:48  Medivac  
  51  5:53  Medivac, SCV  
  54  5:57  Marine, SCV  
  54  6:01  Refinery  
  56  6:05  SCV  
  56  6:09  SCV  
  56  6:10  Marine  
  56  6:11  Marine, Supply Depot  
  60  6:14  Marine  
  60  6:17  SCV  
  62  6:21  SCV  
  63  6:28  Marine x2  
  63  6:32  Marine  
  65  6:33  Siege Tank  
  69  6:46  Marine x2  
  71  6:50  Marine  
  72  6:57  Liberator  
  70  7:05  Marine x2, Siege Tank  
  68  7:09  Marine  
  71  7:22  Marine  
  71  7:23  Marine  
  71  7:26  Marine  
  69  7:40  Marine  
  69  7:41  Marine  
  69  7:43  Command Center  
  66  7:44  Marine  
  65  7:58  Marine  
  65  8:00  Barracks x2, SCV x2  
  65  8:01  Barracks  
  65  8:05  Refinery  
  68  8:12  SCV x2  
  70  8:13  Marine x2  
  70  8:16  Marine  
Tags
 
Add a new tag
Caveats
  • Supply blocks, unpowered buildings, or Contaminate may cause inaccurate times.
  • Supply counts are checked every 10 seconds.